 Dungeon Crawl Stone Soup version 0.30-a0-722-g3e6e8c874d (webtiles) character file.

Game seed: 8415200300163151542

44711 Newt the Champion of Chaos (level 13, -3/103 HPs)
             Began as a Demonspawn Gladiator on Jan 27, 2023.
             Was the Champion of Makhleb.
             Slain by a komodo dragon (10 damage)
             ... while petrified by a basilisk
             ... on level 5 of the Lair of Beasts.
             The game lasted 00:31:40 (16215 turns).

Newt the Champion of Chaos (Demonspawn Gladiator)  Turns: 16215, Time: 00:31:40

Health: -3/103     AC: 13    Str: 21    XL:     13   Next: 97%
Magic:  0/24       EV:  2    Int:  9    God:    Makhleb [******]
Gold:   872        SH:  0    Dex: 17    Spells: 14/14 levels left

rFire   + + .      SeeInvis .    y - +6 short sword (protect)
rCold   . . .      Faith    .    (no shield)
rNeg    + + +      Spirit   +    U - +0 troll leather armour
rPois   ∞          Reflect  .    c - +0 helmet
rElec   .          Harm     .    h - +1 cloak
rCorr   .          Rampage  .    (gloves unavailable)
Will    .....                    g - +0 pair of boots
Stlth   ++                       k - amulet of Launy {Spirit rF+ Str+3}
HPRegen 1.17/turn                R - ring of protection from fire
MPRegen 0.38/turn                H - +5 ring of evasion

@: petrified
A: claws 3, slimy green scales 3, ignite blood 2, magic regeneration
a: Renounce Religion, Minor Destruction, Lesser Servant of Makhleb, Major
Destruction, Greater Servant of Makhleb


You were on level 5 of the Lair of Beasts.
You worshipped Makhleb.
Makhleb was exalted by your worship.
You visited 3 branches of the dungeon, and saw 18 of its levels.
You also visited: Bailey.

You collected 1172 gold pieces.
You spent 300 gold pieces at shops.

Inventory:

Hand Weapons
 y - a +6 short sword of protection (weapon)
 M - a +4 short sword
Missiles
 d - 3 throwing nets
 l - 8 silver boomerangs
 v - 26 poisoned darts
 A - a javelin
 J - 9 boomerangs (quivered)
 K - a boomerang of dispersal
Armour
 c - a +0 helmet (worn)
 g - a +0 pair of boots (worn)
 h - a +1 cloak (worn)
 t - a +3 leather armour of cold resistance
 Q - a +3 ring mail
 U - a +0 troll leather armour (worn)
Jewellery
 k - the amulet of Launy (around neck) {Spirit rF+ Str+3}
   (You acquired it on level 9 of the Dungeon)

   [amulet of guardian spirit]

   It causes incoming damage to be divided between your reserves of health and
   magic.
   Str:       It affects your strength (+3).
   rF:        It protects you from fire.
 m - a ring of protection from fire
 o - a ring of poison resistance
 E - an amulet of reflection
 H - a +5 ring of evasion (right claw)
 R - a ring of protection from fire (left claw)
 T - a ring of ice
Wands
 a - a wand of polymorph (6)
 I - a wand of iceblast (15)
 S - a wand of flame (10)
 X - a wand of charming (3)
 Z - a wand of light (9)
Scrolls
 b - a scroll of fear
 e - 4 scrolls of butterflies
 n - 4 scrolls of teleportation
 p - a scroll of blinking
 r - a scroll of poison {unknown}
 w - a scroll of magic mapping
 B - a scroll of amnesia
 V - 2 scrolls of enchant weapon
 W - 4 scrolls of identify
 Y - 2 scrolls of silence
Potions
 f - a potion of might
 i - 9 potions of lignification
 j - 11 potions of curing
 q - 2 potions of berserk rage
 s - 2 potions of degeneration
 z - 2 potions of invisibility
 C - 4 potions of brilliance
 G - 2 potions of cancellation
 N - a potion of magic
 O - 2 potions of haste


   Skills:
 - Level 10.0 Fighting
 - Level 9.0 Short Blades
 - Level 5.0 Throwing
 - Level 6.0 Armour
 - Level 7.0 Dodging
 - Level 2.0 Stealth
 - Level 10.0 Unarmed Combat
 - Level 1.1 Spellcasting
 + Level 14.8 Invocations
 - Level 8.0 Evocations


You had 14 spell levels left.
You didn't know any spells.
Your spell library contained the following spells:

 Spells                   Type           Power      Damage    Failure   Level
 Kiss of Death            Conj/Necr      0%         2d5       38%         1
 Scorch                   Fire           0%         2d5       54%         2
 Static Discharge         Conj/Air       0%         2-2/arc   54%         2
 Confusing Touch          Hex            0%         N/A       77%         3
 Frozen Ramparts          Ice            0%         1d1       77%         3
 Vhi's Electric Charge    Tloc/Air       0%         N/A       77%         3
 Dispel Undead            Necr           0%         3d6       99%         4
 Flame Wave               Conj/Fire      0%         2d4       99%         4
 Ice Form                 Ice/Tmut       0%         N/A       99%         4
 Summon Ice Beast         Ice/Summ       0%         N/A       99%         4
 Summon Lightning Spire   Summ/Air       0%         N/A       99%         4
 Arcjolt                  Conj/Air       0%         1d10      100%        5
 Fireball                 Conj/Fire      0%         3d3       100%        5
 Iskenderun's Battlesphe  Conj           0%         2d6       100%        5
 Lightning Bolt           Conj/Air       0%         1d11      100%        5
 Conjure Ball Lightning   Conj/Air       0%         3x3d6     100%        6
 Summon Cactus Giant      Summ           0%         N/A       100%        6
 Orb of Destruction       Conj           0%         9d5       100%        7
 Storm Form               Tmut/Air       0%         N/A       100%        7
 Maxwell's Capacitive Co  Air            0%         ∞         100%        8


Dungeon Overview and Level Annotations

Branches:
Dungeon (12/15)            Temple (1/1) D:5            Lair (5/5) D:9
  Swamp (0/4) Lair:3       Spider (0/4) Lair:3        Slime (0/5) Lair:4
 Bailey (visited)
    Orc: D:9-12

Altars:
Ashenzari
Cheibriados
Fedhas
Gozag
Hepliaklqana
Makhleb
Nemelex Xobeh
Okawaru
Qazlal
Ru
Sif Muna
Trog
Uskayaw
Vehumet
Wu Jian
Xom
Yredelemnul

Shops:
D:1 (   D:3 [   D:11 =

Annotations:
Lair:5 3 runed translucent doors, Newt's ghost, journeyman DsGl


Innate Abilities, Weirdness & Mutations

You have claws for hands.
You are completely covered in slimy green scales. (AC +4, rPois)
Your demonic aura often causes spilled blood to erupt in flames.
You regenerate magic rapidly.


Message History

* * * LOW HITPOINT WARNING * * *
The komodo dragon bites you.
* * * LOW HITPOINT WARNING * * *
You turn to flesh and can move again.
Unknown command.
Unknown command.
Unknown command.
Unknown command.
Aiming: Major Destruction (0% risk of failure)
Press: ? - help, Shift-Dir - straight line, f - basilisk
Aim: a basilisk (lightly wounded)
The bolt of negative energy misses the basilisk.
The basilisk gazes at you.
You are slowing down.
The komodo dragon closely misses you.
Unknown command.
Unknown command.
Unknown command.
Unknown command.
Aiming: Major Destruction (0% risk of failure)
Press: ? - help, Shift-Dir - straight line, f/p - basilisk
Aim: a basilisk (lightly wounded)
The bolt of acid hits the basilisk!!
The acid corrodes the basilisk!
The basilisk is severely wounded.
The basilisk hisses menacingly.
The basilisk gazes at you.
Your limbs have turned to stone.
The komodo dragon bites you.
* * * LOW HITPOINT WARNING * * *
The basilisk closely misses you. The komodo dragon closely misses you.
You have turned to stone.
The basilisk bites you but does no damage.
The komodo dragon bites you!
* * * LOW HITPOINT WARNING * * *
The basilisk bites you but does no damage.
The komodo dragon bites you.
* * * LOW HITPOINT WARNING * * *
The basilisk bites you!
* * * LOW HITPOINT WARNING * * *
The komodo dragon bites you!!
You die...

.........###≈
##..........8##
.........# §≈##
#8....#.......≈
........## §≈≈#
##.....#.....#§≈
.......##
###≈≈##8....#≈....##§§
......##
§§≈≈≈≈###...≈≈§..#####
......#
#§≈≈#..#≈§≈≈###
......#
######≈..≈≈≈§≈§≈≈
.....##
#8#8#l..#≈≈≈######
.....# ##..†@###≈§##
..D# .....#
#8....l.#≈§# ...
.....# ##......S≈≈# ..
.....# ##.......≈≈≈#
.. .....#
#........≈§≈# .D.
.....##
§..........≈≈## ...# ≈
......#
§≈.........##≈######.§
......#
≈≈........##≈≈≈§§≈..≈§
.....<##
#§≈§#.....#≈≈≈§§#.≈≈≈#


You could see a komodo dragon, a basilisk (corroded) and a lava snake.

Vanquished Creatures
  An orc warlord (Bailey)
  5 hydras
  A two-headed ogre (D:8)
  Erica (D:8)
  A catoblepas (Lair:5)
  A bog body (Lair:3)
  2 orc knights (Bailey)
  A manticore (D:8)
  13 elephants
  4 black mambas
  A torpor snail (Lair:2)
  A molten gargoyle (Lair:5)
  2 rime drakes (Lair:5)
  12 cane toads
  5 komodo dragons
  A troll (D:10)
  2 polar bears
  A hornet (D:7)
  6 blink frogs
  3 culicivoras (Lair:3)
  3 wyverns
  A wraith (D:9)
  68 yaks
  6 basilisks
  2 steam dragons
  5 swamp worms (Lair:3)
  3 hell hounds (Lair:5)
  An acid dragon (D:8)
  12 water moccasins
  9 orc warriors
  A sky beast (D:7)
  5 black bears
  An ogre (D:5)
  21 wolves
  2 centaurs (D:7)
  2 kobold brigands
  15 bullfrogs
  A necrophage (D:8)
  2 gnoll sergeants
  2 scorpions
  7 wights
  9 killer bees
  An electric eel (Lair:3)
  3 howler monkeys
  3 lava snakes (Lair:5)
  5 orc priests
  A hound (D:4)
  6 jellies
  2 gnoll boudas
  3 iguanas
  10 orc wizards
  30 gnolls
  9 adders
  2 white imps
  2 ufetubi
  3 worms
  2 dart slugs
  45 orcs
  8 bats
  8 endoplasms
  16 goblins
  21 hobgoblins
  15 kobolds
  2 quokkas
  2 ball pythons
  3 frilled lizards
  10 rats
454 creatures vanquished.

Vanquished Creatures (collateral kills)
  A hydra (Lair:5)
  Nergalle (Lair:1)
  4 elephants (Lair:5)
  A yak (Lair:1)
  2 water moccasins (Lair:5)
  A bullfrog (D:9)
  A wight (D:9)
  A killer bee (D:9)
  A howler monkey (D:9)
  2 orcs (D:9)
  A goblin (D:9)
16 creatures vanquished.

Vanquished Creatures (others)
  A necrophage (D:8)
  14 fungi
  10 plants
25 creatures vanquished.

Grand Total: 495 creatures vanquished

Notes
Turn   | Place    | Note
-------+----------+-------------------------------------------
     0 | D:1      | Newt the Demonspawn Gladiator began the quest for the Orb.
     0 | D:1      | Reached XP level 1. HP: 16/16 MP: 1/1
    65 | D:1      | Reached skill level 1 in Stealth
    74 | D:1      | Found Qeelleh's Antique Weapon Emporium.
   169 | D:1      | Gained mutation: Your demonic aura sometimes causes spilled
                  | blood to erupt in flames. [demonic ancestry]
   169 | D:1      | Reached XP level 2. HP: 22/22 MP: 2/2
  1325 | D:2      | Gained mutation: Your demonic aura often causes spilled
                  | blood to erupt in flames. [demonic ancestry]
  1325 | D:2      | Reached XP level 3. HP: 26/28 MP: 3/3
  2120 | D:2      | Gained mutation: You have sharp fingernails. [demonic
                  | ancestry]
  2120 | D:2      | Reached XP level 4. HP: 37/37 MP: 4/4
  2769 | D:3      | Found Okuogushaz's Antique Armour Boutique.
  2780 | D:3      | Bought a glowing leather armour for 120 gold pieces
  3313 | D:4      | Noticed a scorpion
  3325 | D:4      | Killed a scorpion
  3326 | D:4      | Reached XP level 5. HP: 39/42 MP: 5/5
  3349 | D:4      | Noticed a black bear
  3364 | D:4      | Killed a black bear
  3365 | D:4      | Gained mutation: You are partially covered in slimy green
                  | scales. (AC +2) [demonic ancestry]
  3365 | D:4      | Reached XP level 6. HP: 33/48 MP: 6/6
  3589 | D:4      | Reached skill level 5 in Throwing
  3690 | D:4      | Found a snail-covered altar of Cheibriados.
  3690 | D:4      | Found a hazy altar of Hepliaklqana.
  3766 | D:4      | Reached skill level 1 in Armour
  3987 | D:5      | Entered Level 5 of the Dungeon
  4320 | D:5      | Gained mutation: You are mostly covered in slimy green
                  | scales. (AC +3) [demonic ancestry]
  4320 | D:5      | Reached XP level 7. HP: 52/54 MP: 7/7
  4534 | D:5      | Found a staircase to the Ecumenical Temple.
  4556 | Temple   | Entered the Ecumenical Temple
  4616 | Temple   | Became a worshipper of Makhleb the Destroyer
  4832 | D:5      | Found a sacrificial altar of Ru.
  5242 | D:6      | Reached skill level 5 in Fighting
  5470 | D:6      | Gained mutation: You have very sharp fingernails. [demonic
                  | ancestry]
  5470 | D:6      | Reached XP level 8. HP: 58/64 MP: 8/8
  5791 | D:6      | Found an opulent altar of Gozag.
  6226 | D:6      | Reached skill level 5 in Armour
  6685 | D:7      | Reached * piety under Makhleb
  6686 | D:7      | Reached skill level 1 in Invocations
  6824 | D:7      | Reached skill level 3 in Invocations
  6842 | D:7      | Reached skill level 4 in Invocations
  6881 | D:7      | Found a basalt altar of Yredelemnul.
  7243 | D:7      | Noticed a hornet
  7252 | D:7      | Killed a hornet
  7253 | D:7      | Reached skill level 6 in Invocations
  7253 | D:7      | Gained mutation: You have claws for hands. [demonic
                  | ancestry]
  7253 | D:7      | Reached XP level 9. HP: 52/69 MP: 11/13
  7335 | D:7      | Found a stormy altar of Qazlal.
  7349 | D:7      | Reached skill level 1 in Unarmed Combat
  7461 | D:7      | Found a bloodstained altar of Trog.
  7678 | D:8      | Found an iron altar of Okawaru.
  7689 | D:8      | Noticed a manticore
  7702 | D:8      | Killed a manticore
  8218 | D:8      | Found a shimmering altar of Xom.
  8218 | D:8      | Noticed a two-headed ogre
  8228 | D:8      | Killed a two-headed ogre
  8248 | D:8      | Gained mutation: You regenerate magic rapidly. [demonic
                  | ancestry]
  8248 | D:8      | Reached XP level 10. HP: 76/76 MP: 14/14
  8272 | D:8      | Noticed Erica
  8297 | D:8      | Killed Erica
  8592 | D:8      | Reached ** piety under Makhleb
  8897 | D:9      | Found a flagged portal.
  8988 | D:9      | Reached *** piety under Makhleb
  9076 | Bailey   | Entered a bailey
  9446 | Bailey   | Reached skill level 10 in Unarmed Combat
  9447 | Bailey   | Reached skill level 1 in Evocations
  9554 | Bailey   | Noticed an orc knight
  9567 | Bailey   | Killed an orc knight
  9636 | Bailey   | Noticed an orc warlord
  9638 | Bailey   | Reached **** piety under Makhleb
  9650 | Bailey   | Noticed an orc knight
  9659 | Bailey   | Killed an orc warlord
  9660 | Bailey   | Reached skill level 5 in Evocations
  9660 | Bailey   | Gained mutation: You are completely covered in slimy green
                  | scales. (AC +4, rPois) [demonic ancestry]
  9660 | Bailey   | Reached XP level 11. HP: 46/81 MP: 15/15
  9671 | Bailey   | Killed an orc knight
  9675 | Bailey   | Reached skill level 5 in Short Blades
  9940 | D:9      | Acquired the amulet of Launy {Spirit rF+ Str+3}
  9996 | D:9      | Found a staircase to the Lair.
 10069 | D:9      | You fall into a shaft and drop 3 floors!
 10126 | D:11     | Found Aganluxu's Jewellery Emporium.
 10308 | D:10     | Entered Level 10 of the Dungeon
 10775 | Lair:1   | Entered Level 1 of the Lair of Beasts
 10787 | Lair:1   | Reached skill level 7 in Invocations
 10880 | Lair:1   | Reached skill level 8 in Invocations
 11035 | Lair:1   | Reached skill level 9 in Invocations
 11171 | Lair:1   | Reached skill level 10 in Invocations
 11712 | Lair:2   | Noticed Nergalle
 11741 | Lair:1   | Killed Nergalle
 11754 | Lair:2   | Reached XP level 12. HP: 26/95 MP: 4/19
 11963 | Lair:2   | Reached ***** piety under Makhleb
 12350 | Lair:3   | Reached skill level 10 in Fighting
 12546 | Lair:3   | Reached skill level 5 in Dodging
 12683 | Lair:3   | Found a hole to the Spider Nest.
 13275 | Lair:3   | Found a staircase to the Swamp.
 13380 | Lair:4   | Noticed a five-headed hydra
 13390 | Lair:4   | Killed a five-headed hydra
 13687 | Lair:4   | Found a staircase to the Slime Pits.
 13942 | Lair:4   | Reached XP level 13. HP: 103/103 MP: 15/20
 14565 | D:3      | Bought a runed cloak for 180 gold pieces
 14818 | Lair:5   | Entered Level 5 of the Lair of Beasts
 14913 | Lair:5   | Identified the +1 spear of Kuasyrewk {holy, *Noise Str+4
                  | Dex+7}
 14994 | Lair:5   | Reached ****** piety under Makhleb
 15059 | Lair:5   | Found a runed translucent gate.
 15065 | Lair:5   | Noticed a minotaur
 15071 | Lair:5   | Reached skill level 11 in Invocations
 15091 | Lair:5   | Found a runed translucent gate.
 15092 | Lair:5   | Found a runed translucent gate.
 15163 | Lair:5   | Reached skill level 12 in Invocations
 15290 | Lair:5   | Noticed Newt's ghost (journeyman DsGl)
 15349 | Lair:5   | Identified the +2 robe "Wietous" {Int+3 Archmagi}
 15453 | Lair:5   | Reached skill level 13 in Invocations
 15657 | Lair:5   | Reached skill level 14 in Invocations
 15680 | Lair:5   | Reached skill level 1 in Spellcasting
 15687 | Lair:5   | Noticed a fire dragon
 16215 | Lair:5   | Slain by a komodo dragon

Illustrated notes

Levels and vault maps discovered:
D:1:      ncdulo_halloftheorcs, layout_basic, serial_shops, nicolae_shop_stone
D:2:      layout_loops_corners, minmay_cut_off
D:3:      layout_loops_cross, serial_shops, nicolae_shop_crystal
D:4:      layout_rooms, nicolae_overflow_two_pavilions
D:5:      layout_basic, lemuel_tele_altar, minmay_temple_entry_sparse_star
D:6:      layout_basic, mainiacjoe_overflow_chevrons, serial_rivers,
          chequers_serial_rivers_micro_b, chequers_serial_rivers_micro_e,
          chequers_serial_rivers_room_a, chequers_serial_rivers_large_a,
          chequers_serial_rivers_micro_b, chequers_serial_rivers_micro_b
D:7:      layout_rooms, lemuel_coloured_pillars_altar,
          nicolae_qazlal_general_emergency, mainiacjoe_overflow_tiny_flanked,
          dk_noncrumbling_4, minivault_22
D:8:      layout_basic, xom_confusion_cloud, old_standard_altar, special_room
          [special_room_orc], uniq_erica
D:9:      layout_cave_pools, lair_entry_dummy, enter_bailey_5
D:10:     layout_basic, nicolae_dithmenos_shadow_blocks,
          mainiacjoe_overflow_six_doors_small, amcnicky_altar_gilded,
          uniq_erolcha, uniq_sonja
D:11:     layout_gridville, serial_shops, shop, special_room [special_room_bee],
          uniq_snorg
D:12:     layout_basic, orc_david_3, uniq_fannar
Temple:   cyrus_temple_forest
Lair:1:   layout_chaotic_city, infiniplex_staircase_pool_2, grunt_megastairs_4
Lair:2:   layout_cave_shapes, uniq_nergalle
Lair:3:   layout_chaotic_city, nicolae_swamp_entry_splash_gauntlet,
          hellmonk_spider_entry_life_and_decay, grunt_megastairs_1
Lair:4:   layout_cave_pods, nicolae_slime_entry_slimehenge, minivault_11
Lair:5:   cheibrodos_lair_end_hotspot, layout_regular_city,
          maelrawn_ghost_gauntlet_escape, guppyfry_lair_drakes

Skill      XL: |  1  2  3  4  5  6  7  8  9 10 11 12 13 |
---------------+----------------------------------------+-----
Stealth        | 1 2 |  2.0
Fighting       | 3 4 6 9 10 | 10.0
Throwing       | 3 4 5 |  5.0
Armour         | 3 4 6 |  6.0
Short Blades   | 3 4 6 9 |  9.0
Invocations    | 6 10 14 | 14.8
Unarmed Combat | 7 10 | 10.0
Evocations     | 5 8 |  8.0
Dodging        | 7 |  7.0
Spellcasting   | 1 |  1.1

Action                     |  1- 3 |  4- 6 |  7- 9 | 10-12 | 13-15 || total
---------------------------+-------+-------+-------+-------+-------++-------
  Melee: Rapier            |   131 |   123 |       |       |       ||   254
         Whip              |       |    15 |       |       |       ||    15
         Short sword       |       |     3 |   291 |   979 |   517 ||  1790
         Punch             |       |       |     3 |    97 |    59 ||   159
  Throw: Stone             |     4 |     7 |     4 |       |       ||    15
         Javelin           |     3 |     3 |     2 |     3 |       ||    11
         Throwing net      |     2 |     2 |     1 |       |       ||     5
         Boomerang         |       |     1 |    20 |    67 |    15 ||   103
         Dart              |       |     7 |       |    10 |       ||    17
 Invoke: Lesser Servant of |       |       |       |     2 |     1 ||     3
         Major Destruction |       |       |       |       |     2 ||     2
         Greater Servant o |       |       |       |       |     1 ||     1
  Evoke: Wand              |       |     1 |     1 |    15 |       ||    17
    Use: Scroll            |     4 |     5 |     8 |     8 |     2 ||    27
         Potion            |     2 |       |       |     6 |     1 ||     9
   Stab: Sleeping          |     4 |       |     1 |     3 |       ||     8
         Held in net/web   |     1 |       |       |       |       ||     1
         Invisible         |       |     1 |     1 |     4 |       ||     6
         Distracted        |       |       |       |     1 |     4 ||     5
         Confused          |       |       |       |     1 |       ||     1
 Armour: Leather armour    |    51 |    50 |   115 |   218 |       ||   434
         Skin              |     2 |       |       |       |       ||     2
         Scale mail        |       |    19 |       |       |       ||    19
         Troll leather arm |       |       |       |   212 |   237 ||   449
  Dodge: Dodged            |    81 |    95 |   215 |   996 |   565 ||  1952
  Block: Orb               |       |       |    22 |       |       ||    22
         Reflection        |       |       |     3 |     1 |       ||     4
         Other             |       |       |    18 |   129 |       ||   147

Table legend: (Time is in decaauts)
 A = Elapsed time spent in this place.
 B = Non-inter-level travel time spent in this place.
 C = Inter-level travel time spent in this place.
 D = Time resting spent in this place.
 E = Time spent auto-exploring this place.
 F = Levels seen in this place.
 G = Mean time per level.
                   A        B        C        D        E       F      G
               +--------+--------+--------+--------+--------+-----+--------+
         Total |  15764 |  14779 |    985 |   2378 |   9175 |  19 |  829.7 |
       Dungeon |   9997 |   9329 |    668 |   1779 |   5887 |  12 |  833.1 |
        Temple |     95 |     55 |     40 |      0 |     46 |   1 |   95.0 |
          Lair |   4837 |   4560 |    277 |    355 |   2926 |   5 |  967.4 |
        Bailey |    833 |    833 |      0 |    244 |    315 |   1 |  833.0 |
               +--------+--------+--------+--------+--------+-----+--------+

Top non-repeatable levels by time:
     D:2: 1749 daAuts
     D:6: 1445 daAuts
  Lair:5: 1204 daAuts
     D:8: 1173 daAuts
     D:7: 1097 daAuts
  Lair:3: 1076 daAuts
  Lair:4: 1053 daAuts
     D:5: 1049 daAuts
  Lair:1: 931 daAuts
  Bailey: 833 daAuts
     D:1: 819 daAuts
     D:4: 782 daAuts
     D:9: 746 daAuts
     D:3: 719 daAuts
  Lair:2: 573 daAuts
